 Dungeon Crawl Stone Soup version 0.31.0-11-ge490571c62 (webtiles) character file.

Game seed: 6011416194919539541

4938 PriceMaster the Arsonist (level 10, -5/60 HPs)
             Began as an Octopode Fire Elementalist on Feb 6, 2024.
             Was an Initiate of Gozag.
             Slain by a wyvern (18 damage)
             ... on level 9 of the Dungeon.
             The game lasted 00:26:58 (12111 turns).

PriceMaster the Arsonist (OpFE)                    Turns: 12111, Time: 00:26:59

Health: -5/60      AC:  5    Str:  8    XL:     10   Next: 52%
Magic:  5/30       EV: 13    Int: 27    God:    Gozag
Gold:   720        SH:  0    Dex: 10    Spells: 12/24 levels left

rFire   + . .        n - +1 scythe (freeze)
rCold   x . .        (shield currently unavailable)
rNeg    + + .        (helmet restricted)
rPois   +            (no amulet)
rElec   .            g - ring of fire
rCorr   .            m - ring of magical power
SInv    .            r - ring "Hues" {rPois rN++ Int+3 Dex-2}
Will    .....        u - +4 ring of protection
Stlth   +++          (no ring)
HPRegen 0.30/turn    (no ring)
MPRegen 0.22/turn    (no ring)
                     (no ring)

%: no passive effects
@: gold aura
A: almost no armour, amphibious, 8 rings, camouflage 1, gelatinous body 1,
(nimble swimmer 1), tentacles, clever 1, inability to drink after injury 1
a: Renounce Religion, Potion Petition, Call Merchant, Bribe Branch


You were on level 9 of the Dungeon.
You worshipped Gozag.
Gozag was pleased with you.
You visited 2 branches of the dungeon, and saw 10 of its levels.

You collected 831 gold pieces.
You paid 111 gold pieces to Gozag.

Inventory:

Hand Weapons
 c - a +0 spear
 n - a +1 scythe of freezing (weapon)
Armour
 l - a +0 robe
Jewellery
 e - a ring of willpower
 g - a ring of fire (left tentacle)
 m - a ring of magical power (right tentacle)
 r - the ring "Hues" (on tentacle) {rPois rN++ Int+3 Dex-2}
   (You found it on level 5 of the Dungeon)

   [ring of poison resistance]

   Int+3:     It affects your intelligence (+3).
   Dex-2:     It affects your dexterity (-2).
   rPois:     It protects you from poison rN++: It greatly protects you from
   negative energy.
 t - a ring of wizardry
 u - a +4 ring of protection (on tentacle)
Wands
 j - a wand of iceblast (9) (quivered)
 k - a wand of digging (2)
 o - a wand of mindburst (8)
 A - a wand of flame (11)
Scrolls
 a - 2 scrolls of silence
 b - a scroll of fog
 d - 3 scrolls of poison
 f - 2 scrolls of enchant armour
 p - a scroll of amnesia
 y - a scroll of teleportation
Potions
 q - a potion of heal wounds {unknown}
 s - a potion of degeneration {unknown}
 v - a potion of enlightenment
 w - a potion of might
 x - a potion of magic
 z - a potion of haste {unknown}


   Skills:
 + Level 2.0 Fighting
 + Level 2.9 Polearms
 + Level 3.1 Dodging
 + Level 4.6 Stealth
 + Level 7.9 Spellcasting
 * Level 6.5 Conjurations
 + Level 5.0 Hexes
 + Level 2.0 Translocations
 + Level 8.1 Fire Magic
 + Level 1.0 Evocations


You had 12 spell levels left.
You knew the following spells:

 Your Spells              Type           Power      Damage    Failure   Level
a - Foxfire               Conj/Fire      100%       2x1d9     1%          1
b - Scorch                Fire           100%       2d9       1%          2
c - Inner Flame           Hex/Fire       62%        N/A       1%          3
d - Tukima's Dance        Hex            37%        N/A       1%          3
e - Volatile Blastmotes   Fire/Tloc      100%       2d18      1%          3

Your spell library contained the following spells:

 Spells                   Type           Power      Damage    Failure   Level
 Flame Wave               Conj/Fire      66%        2d15      2%          4
 Stone Arrow              Conj/Erth      56%        3d10      4%          3
 Sandblast                Erth           20%        2d7       5%          1
 Brom's Barrelling Bould  Conj/Erth      28%        2d5       14%         4
 Passwall                 Erth           10%        N/A       16%         3
 Passage of Golubria      Tloc           21%        N/A       24%         4
 Yara's Violent Unravell  Hex/Alch       12%        3d7       45%         5


Dungeon Overview and Level Annotations

Branches:
Dungeon (9/15)             Temple (1/1) D:5
   Lair: D:8-11         Orc: D:9-12

Altars:
Ashenzari
Cheibriados
Dithmenos
Elyvilon
Fedhas
Gozag
Hepliaklqana
Kikubaaqudgha
Makhleb
Nemelex Xobeh
Qazlal
Ru
Sif Muna
Trog
Uskayaw
Vehumet
Wu Jian
Xom
Yredelemnul
Zin
The Shining One


Innate Abilities, Weirdness & Mutations

You cannot wear most types of armour.
You are amphibious.
You can wear up to eight rings at the same time.
Your skin changes colour to match your surroundings (Stealth+).
Your rubbery body absorbs attacks. (AC +1, EV +1)
((You are camouflaged when in or above water. (Stealth+)))
You have tentacles for arms and can constrict up to eight enemies at once.
Your mind is acute. (Int +4, Str/Dex -1)
You occasionally lose the ability to drink potions when taking damage.


Message History

A wyvern is nearby!
A wyvern is nearby!
A wyvern is nearby!
A vampire comes into view.
Found a ring mail.
You feel sick.
You feel sick.
You feel sick.
You are no longer poisoned.
A troll comes into view.
Aiming: Mindburst
Press: ? - help, Shift-Dir - straight line, f - vampire
Aim: a vampire (chance to affect: 51%)
The vampire's mind is blasted!
The wyvern hisses angrily.
The troll shouts!
The vampire casts a spell at you.
You are confused.
You are too confused!
You are too confused!
Your magical effects are unravelling.
You feel magically purged.
You feel less confused.
Aiming: Mindburst
Press: ? - help, Shift-Dir - straight line, f/p - vampire
Aim: a vampire (heavily damaged, chance to affect: 51%)
The vampire's mind is blasted!
Aiming: Mindburst
Press: ? - help, Shift-Dir - straight line, f/p - vampire
Aim: a vampire (almost destroyed, chance to affect: 51%)
The vampire resists with significant effort.
The wyvern bites you.
* * * LOW HITPOINT WARNING * * *
A wight comes into view. It is wielding a +0 spear.
Aiming: Mindburst
Press: ? - help, Shift-Dir - straight line, f/p - vampire
Aim: a vampire (almost destroyed, chance to affect: 51%)
The vampire's mind is blasted!
You blow up the vampire!
The wyvern bites you!!
You die...
Your body crumbles into a pile of gold.

..# .....
..## #.....
.. .....
#.... #.#.#
#.#T# #.#.#
#.#k# #.@.#
#..........#
#....)...###
#....$...#
#.$......#
#..........
#....[......
#..z........


You could see a troll, a wyvern and a wight.

Vanquished Creatures
  A two-headed ogre (D:8)
  A death yak (D:9)
  Maggie (D:8)
  A dancing weapon (D:7)
  The ghost of Zeor the Shooter, an amateur TeHu of Okawaru (D:5)
  A shadow (D:7)
  Sigmund (D:4)
  A vampire (D:9)
  A wyvern (D:7)
  A water moccasin (D:8)
  An orc warrior (D:8)
  2 black bears
  3 sky beasts
  3 ogres
  3 centaurs
  A phantom (D:4)
  A kobold brigand (D:7)
  2 scorpions
  A bullfrog (D:8)
  3 wights (D:7)
  A killer bee (D:9)
  2 howler monkeys
  3 bombardier beetles
  2 jellies
  7 orc priests
  A gnoll bouda (D:6)
  5 hounds
  3 sleepcaps
  2 iguanas (D:6)
  8 orc wizards
  6 gnolls
  6 adders
  3 shadow imps
  2 white imps
  5 dart slugs
  A ribbon worm (D:2)
  30 orcs
  4 ball pythons
  3 endoplasms
  7 giant cockroaches
  6 goblins
  6 hobgoblins
  4 jackals (D:2)
  4 bats
  5 frilled lizards
  8 kobolds
  7 rats
171 creatures vanquished.

Vanquished Creatures (collateral kills)
  An orc (D:7)
  2 kobolds (D:7)
3 creatures vanquished.

Vanquished Creatures (others)
  8 dancing weapons
  319 foxfires
327 creatures vanquished.

Grand Total: 501 creatures vanquished

Notes
Turn   | Place    | Note
-------+----------+-------------------------------------------
     0 | D:1      | PriceMaster the Octopode Fire Elementalist began the quest
                  | for the Orb.
     0 | D:1      | Reached XP level 1. HP: 11/11 MP: 3/3
   182 | D:1      | Reached XP level 2. HP: 17/17 MP: 3/5
   185 | D:1      | Learned a level 2 spell: Scorch
   598 | D:2      | Reached XP level 3. HP: 21/21 MP: 0/6
   660 | D:2      | Learned a level 3 spell: Inner Flame
   774 | D:2      | Reached XP level 4. HP: 10/27 MP: 0/7
  1272 | D:2      | Reached skill level 4 in Fire Magic
  1756 | D:3      | Noticed a scorpion
  1763 | D:3      | Killed a scorpion
  1764 | D:3      | Reached skill level 1 in Polearms
  1764 | D:3      | Reached XP level 5. HP: 30/31 MP: 1/9
  2815 | D:4      | Reached XP level 6. HP: 26/37 MP: 0/10
  3003 | D:4      | Noticed Sigmund
  3008 | D:4      | Killed Sigmund
  3019 | D:4      | Reached XP level 7. HP: 31/42 MP: 8/12
  3338 | D:4      | Reached skill level 1 in Fighting
  3338 | D:4      | Reached skill level 1 in Hexes
  3338 | D:4      | Reached skill level 5 in Fire Magic
  3406 | D:4      | Learned a level 3 spell: Tukima's Dance
  4073 | D:5      | Entered Level 5 of the Dungeon
  4111 | D:5      | Found a transporter.
  4114 | D:5      | Found a transporter.
  4114 | D:5      | Noticed Zeor's ghost (amateur TeHu)
  4196 | D:5      | Identified the ring "Hues" {rPois rN++ Int+3 Dex-2}
  4609 | D:5      | Reached XP level 8. HP: 48/48 MP: 14/14
  5057 | D:5      | Found a staircase to the Ecumenical Temple.
  5564 | D:5      | Learned a level 3 spell: Volatile Blastmotes
  5881 | D:5      | Gained mutation: Your health recovers twice as slowly from
                  | being drained. [potion of mutation]
  5881 | D:5      | Gained mutation: You are partially covered in iridescent
                  | scales. (AC +2) [potion of mutation]
  5882 | D:5      | Lost mutation: Your health recovers twice as slowly from
                  | being drained. [potion of mutation]
  5882 | D:5      | Lost mutation: You are partially covered in iridescent
                  | scales. (AC +2) [potion of mutation]
  5882 | D:5      | Gained mutation: Your mind is acute. (Int +4, Str/Dex -1)
                  | [potion of mutation]
  5882 | D:5      | Gained mutation: You occasionally lose the ability to drink
                  | potions when taking damage. [potion of mutation]
  5978 | D:5      | Killed Zeor's ghost
  5979 | D:5      | Reached skill level 5 in Spellcasting
  6516 | D:6      | Found an opulent altar of Gozag.
  6526 | D:6      | Reached skill level 6 in Fire Magic
  7078 | D:6      | Reached XP level 9. HP: 54/54 MP: 15/17
  7386 | D:6      | Reached skill level 5 in Conjurations
  7591 | D:6      | Became a worshipper of Gozag Ym Sagoz the Greedy
  8000 | Temple   | Entered the Ecumenical Temple
  8092 | D:7      | Found a blossoming altar of Fedhas.
  8097 | D:7      | Found a hide-covered altar of Uskayaw.
  9458 | D:7      | Reached skill level 7 in Fire Magic
 10477 | D:8      | Noticed Maggie
 10483 | D:8      | Killed Maggie
 10484 | D:8      | Reached skill level 1 in Translocations
 10487 | D:8      | Reached skill level 1 in Evocations
 10487 | D:8      | Reached XP level 10. HP: 36/60 MP: 9/20
 10545 | D:8      | Noticed a two-headed ogre
 10556 | D:8      | Killed a two-headed ogre
 11289 | D:8      | Found a radiant altar of Vehumet.
 12059 | D:9      | Noticed a death yak
 12061 | D:9      | Noticed a death yak
 12063 | D:9      | Noticed a death yak
 12065 | D:9      | Noticed a death yak
 12066 | D:9      | Killed a death yak
 12067 | D:9      | Reached skill level 5 in Hexes
 12067 | D:9      | Reached skill level 8 in Fire Magic
 12067 | D:9      | Noticed a death yak
 12068 | D:9      | Noticed a death yak
 12077 | D:9      | Noticed a cyan ugly thing
 12111 | D:9      | Slain by a wyvern

Illustrated notes

Levels and vault maps discovered:
D:1:      wander_arrival_fairy_ring, layout_basic
D:2:      layout_rooms
D:3:      layout_basic
D:4:      minmay_general_purpose_star, layout_basic,
          nicolae_ossuary_entry_false_entrances, kennysheep_generic_room_7,
          uniq_sigmund
D:5:      layout_basic, minmay_temple_entry_drinking_statues,
          gammafunk_ghost_arena, minmay_misc_feat_encased
D:6:      layout_cave_pools, lemuel_crystal_altar, amcnicky_mini_pool_small
D:7:      layout_loops_cross, grunt_temple_overflow_open,
          nicolae_concentric_dashed_squares_mild
D:8:      layout_cave_pools, mainiacjoe_overflow_paths, uniq_maggie
D:9:      layout_rooms, lemuel_doored_altar, dpeg_lair_monsters, serial_shops,
          shop, small_chamber_with_monster, kennysheep_generic_room_3
Temple:   minmay_crystal_spiral_temple

Skill      XL: |  1  2  3  4  5  6  7  8  9 10 |
---------------+-------------------------------+-----
Stealth        | 3 4 |  4.6
Conjurations   | 2 3 4 5 6 |  6.5
Fire Magic     | 4 5 6 7 8 |  8.1
Polearms       | 1 2 |  2.9
Spellcasting   | 3 4 5 7 |  7.9
Fighting       | 1 2 |  2.0
Hexes          | 1 2 4 5 |  5.0
Dodging        | 3 |  3.1
Translocations | 1 2 |  2.0
Evocations     | 1 |  1.0

Action                     |  1- 3 |  4- 6 |  7- 9 | 10-12 || total
---------------------------+-------+-------+-------+-------++-------
  Melee: Spear             |    39 |    35 |       |       ||    74
         Tentacles         |     8 |     8 |     4 |     2 ||    22
         Constrict         |     8 |     8 |     7 |     1 ||    24
         Halberd           |       |       |    38 |     7 ||    45
   Cast: Foxfire           |    19 |    32 |   107 |    42 ||   200
         Scorch            |     2 |     8 |    31 |     5 ||    46
         Inner Flame       |       |     7 |    33 |    17 ||    57
         Tukima's Dance    |       |       |    25 |     6 ||    31
         Volatile Blastmot |       |       |    12 |     8 ||    20
  Evoke: Wand              |       |     1 |     5 |     6 ||    12
    Use: Scroll            |       |     4 |    11 |     5 ||    20
         Potion            |       |     2 |    11 |     2 ||    15
   Stab: Sleeping          |     8 |     1 |     1 |       ||    10
 Armour: Skin              |    10 |    16 |    65 |    26 ||   117
  Dodge: Dodged            |    18 |    30 |    68 |    14 ||   130
